General information
- name: BNet
- type: Ladder team game (AT/RT)
- host: Battle.net
- saver: TheDragonsHoard
map: DragonFalls
- players: 8
- length: 59:32
- speed: Fast
- version: 1.26 W3XP
- replay type: Public
» download(293 KB)
Players
team 1 (loser)
pandaroar (
teal | 38 APM | 1680 actions | 44:25)
6 Tauren Chieftain
3 Endurance Aura
2 Shockwave
1 Reincarnation
» actions
| Assign group hotkey | 30 | |
| Basic commands | 34 | |
| Build / train | 64 | |
| ESC pressed | 1 | |
| Enter build submenu | 17 | |
| Enter hero's abilities submenu | 6 | |
| Give item / drop item | 6 | |
| Right click | 784 | |
| Select / deselect | 366 | |
| Select group hotkey | 288 | |
| Use ability | 80 | |
1680 total
» units
| Peon | 8 | |
| Grunt | 7 | |
| Shaman | 9 | |
| Tauren | 6 | |
| Goblin Shredder | 1 | |
31 total
» upgrades
| Pillage | 1 | |
| Melee Weapons | 2 | |
| Armor | 2 | |
| Berserker Strength | 1 | |
| Shaman Training | 2 | |
| Reinforced Defenses | 1 | |
| Spiked Barricades | 1 | |
| Pulverize | 1 | |
11 total
» buildings
| Orc Burrow | 5 | |
| Altar of Storms | 1 | |
| Voodoo Lounge | 1 | |
| Barracks | 1 | |
| War Mill | 1 | |
| Stronghold | 1 | |
| Fortress | 1 | |
| Watch Tower | 3 | |
| Spirit Lodge | 1 | |
| Tauren Totem | 2 | |
| Great Hall | 1 | |
18 total
» build order
00:16 Orc Burrow
00:21 Altar of Storms
00:52 Voodoo Lounge
01:45 Barracks
01:50 Orc Burrow
02:22 War Mill
03:29 Stronghold
04:02 Orc Burrow
05:31 Orc Burrow
06:20 Fortress
07:05 Watch Tower
07:10 Watch Tower
07:27 Spirit Lodge
11:13 Tauren Totem
11:15 Tauren Totem
14:32 Orc Burrow
17:22 Great Hall
17:33 Watch Tower
» items
| Healing Salve | 3 | |
| Potion of Healing | 1 | |
| Boots of Speed | 1 | |
| Periapt of Vitality | 1 | |
| Orb of Lightning | 1 | |
| Potion of Invisibility | 3 | |
| Potion of Lesser Invulnerability | 1 | |
| Staff of Teleportation | 1 | |
12 total

»
pmltetimeslice (
red | 71 APM | 1526 actions | 21:35)
4 Paladin
2 Holy Light
1 Devotion Aura
1 Divine Shield
» actions
| Assign group hotkey | 30 | |
| Basic commands | 19 | |
| Build / train | 54 | |
| Enter build submenu | 20 | |
| Enter hero's abilities submenu | 6 | |
| Give item / drop item | 1 | |
| Remove unit from queue | 3 | |
| Right click | 680 | |
| Select / deselect | 390 | |
| Select group hotkey | 277 | |
| Use ability | 46 | |
1526 total
» units
| Peasant | 3 | |
| Goblin Shredder | 1 | |
| Gryphon Rider | 11 | |
| Siege Engine | 3 | |
18 total
» upgrades
| Lumber Harvesting | 1 | |
| Storm Hammers | 1 | |
| Swords | 3 | |
| Plating | 1 | |
| Masonry | 3 | |
| Gunpowder | 2 | |
| Barrage | 1 | |
12 total
» buildings
| Keep | 1 | |
| Farm | 9 | |
| Altar of Kings | 1 | |
| Lumber Mill | 1 | |
| Castle | 1 | |
| Scout Tower | 1 | |
| Guard Tower | 1 | |
| Gryphon Aviary | 2 | |
| Blacksmith | 1 | |
| Workshop | 1 | |
19 total
» build order
00:50 Keep
01:06 Farm
01:12 Altar of Kings
01:47 Lumber Mill
03:13 Castle
03:52 Scout Tower
04:26 Guard Tower
05:20 Gryphon Aviary
05:23 Gryphon Aviary
05:30 Farm
07:05 Farm
07:37 Farm
07:41 Farm
07:47 Farm
08:21 Farm
08:27 Farm
09:47 Farm
10:53 Blacksmith
12:40 Workshop
» items
| Rod of Necromancy | 1 | |
| Lesser Clarity Potion | 7 | |
| Healing Salve | 1 | |
| Scroll of Speed | 2 | |
11 total
TOW3RSareMyUNIT (
pink | 72 APM | 4313 actions | 59:31)
8 Archmage
3 Summon Water Elemental
3 Brilliance Aura
1 Mass Teleport
1 Blizzard
» actions
| Assign group hotkey | 93 | |
| Basic commands | 176 | |
| Build / train | 243 | |
| ESC pressed | 11 | |
| Enter build submenu | 72 | |
| Enter hero's abilities submenu | 8 | |
| Give item / drop item | 19 | |
| Remove unit from queue | 6 | |
| Right click | 1478 | |
| Select / deselect | 652 | |
| Select group hotkey | 1062 | |
| Use ability | 491 | |
4313 total
» units
| Peasant | 21 | |
| Footman | 4 | |
| Goblin Zeppelin | 3 | |
| Goblin Shredder | 3 | |
| Rifleman | 8 | |
| Mortar Team | 2 | |
| Flying Machine | 8 | |
| Siege Engine | 3 | |
| Goblin Sapper | 7 | |
| Knight | 1 | |
60 total
» upgrades
| Masonry | 3 | |
| Swords | 4 | |
| Animal War Training | 1 | |
| Gunpowder | 3 | |
| Long Rifles | 1 | |
| Armor | 3 | |
| Fragmentation Shards | 1 | |
| Lumber Harvesting | 2 | |
| Flare | 1 | |
| Sorceress Training | 2 | |
| Magic Sentry | 1 | |
| Flak Cannons | 1 | |
| Plating | 3 | |
| Flying Machine Bombs | 1 | |
| Barrage | 1 | |
| Defend | 1 | |
| Backpack | 1 | |
30 total
» buildings
| Altar of Kings | 1 | |
| Barracks | 2 | |
| Farm | 13 | |
| Arcane Vault | 1 | |
| Town Hall | 7 | |
| Keep | 5 | |
| Lumber Mill | 1 | |
| Scout Tower | 37 | |
| Guard Tower | 57 | |
| Castle | 6 | |
| Blacksmith | 1 | |
| Workshop | 5 | |
| Arcane Sanctum | 1 | |
137 total
» build order
00:40 Altar of Kings
00:42 Barracks
00:51 Farm
01:06 Farm
01:38 Farm
02:14 Farm
02:26 Arcane Vault
03:43 Town Hall
05:25 Keep
05:25 Keep
05:25 Keep
05:28 Lumber Mill
06:09 Scout Tower
06:10 Scout Tower
06:15 Scout Tower
06:16 Scout Tower
06:17 Scout Tower
06:18 Scout Tower
06:20 Scout Tower
06:32 Scout Tower
06:34 Scout Tower
06:36 Scout Tower
06:44 Guard Tower
06:44 Guard Tower
06:46 Guard Tower
06:47 Guard Tower
06:47 Guard Tower
06:47 Guard Tower
06:49 Guard Tower
06:49 Guard Tower
06:49 Guard Tower
06:53 Guard Tower
06:53 Guard Tower
06:53 Guard Tower
07:14 Guard Tower
07:14 Guard Tower
07:14 Guard Tower
07:18 Guard Tower
07:28 Guard Tower
07:28 Guard Tower
07:29 Guard Tower
07:53 Guard Tower
08:00 Castle
08:00 Castle
08:00 Castle
08:39 Blacksmith
08:57 Scout Tower
08:58 Scout Tower
09:40 Guard Tower
09:41 Guard Tower
11:19 Barracks
11:22 Workshop
11:28 Workshop
12:57 Farm
13:00 Farm
13:23 Arcane Sanctum
13:44 Scout Tower
13:45 Scout Tower
13:46 Scout Tower
13:50 Scout Tower
13:52 Scout Tower
14:40 Guard Tower
14:40 Guard Tower
14:41 Guard Tower
14:41 Guard Tower
14:42 Guard Tower
14:47 Farm
14:48 Farm
14:49 Farm
14:51 Farm
16:17 Town Hall
16:18 Scout Tower
16:19 Scout Tower
16:20 Scout Tower
16:21 Scout Tower
16:22 Scout Tower
16:24 Scout Tower
16:26 Scout Tower
16:54 Guard Tower
16:54 Guard Tower
16:54 Guard Tower
16:56 Scout Tower
16:56 Scout Tower
16:57 Scout Tower
17:28 Guard Tower
17:29 Guard Tower
17:32 Scout Tower
17:33 Scout Tower
17:33 Scout Tower
17:35 Scout Tower
17:36 Scout Tower
17:37 Scout Tower
17:39 Scout Tower
17:40 Scout Tower
17:42 Scout Tower
17:45 Scout Tower
18:07 Guard Tower
18:08 Guard Tower
18:08 Guard Tower
18:31 Guard Tower
18:32 Guard Tower
18:32 Guard Tower
18:42 Guard Tower
18:42 Guard Tower
18:42 Guard Tower
18:56 Guard Tower
19:21 Guard Tower
19:21 Guard Tower
21:21 Town Hall
22:41 Workshop
22:41 Workshop
22:42 Workshop
22:51 Town Hall
27:12 Keep
27:12 Keep
33:00 Farm
33:06 Town Hall
33:20 Farm
33:25 Farm
42:50 Castle
42:51 Castle
48:08 Town Hall
48:31 Town Hall
» items
| Scroll of Regeneration | 8 | |
| Mechanical Critter | 6 | |
| Staff of Teleportation | 1 | |
| Boots of Speed | 1 | |
| Scroll of Town Portal | 6 | |
| Potion of Healing | 1 | |
| Potion of Lesser Invulnerability | 1 | |
24 total

»
lovebeerzzomuch (
purple | 70 APM | 2421 actions | 34:45)
5 Death Knight
2 Death Coil
3 Unholy Aura
3 Lich
2 Frost Nova
1 Frost Armor
3 Dreadlord
2 Sleep
1 Vampiric Aura
» actions
| Assign group hotkey | 55 | |
| Basic commands | 234 | |
| Build / train | 105 | |
| Enter build submenu | 19 | |
| Enter hero's abilities submenu | 11 | |
| Give item / drop item | 6 | |
| Right click | 573 | |
| Select / deselect | 260 | |
| Select group hotkey | 1027 | |
| Use ability | 130 | |
2421 total
» units
| Acolyte | 10 | |
| Ghoul | 9 | |
| Crypt Fiend | 23 | |
| Abomination | 8 | |
| Obsidian Statue | 6 | |
| Gargoyle | 1 | |
57 total
» upgrades
| Creature Carapace | 2 | |
| Burrow | 1 | |
| Web | 1 | |
| Disease Cloud | 1 | |
| Unholy Armor | 1 | |
| Destroyer Form | 1 | |
| Cannibalize | 1 | |
8 total
» buildings
| Crypt | 1 | |
| Ziggurat | 7 | |
| Altar of Darkness | 1 | |
| Graveyard | 1 | |
| Tomb of Relics | 1 | |
| Nerubian Tower | 5 | |
| Halls of the Dead | 4 | |
| Black Citadel | 4 | |
| Slaughterhouse | 1 | |
25 total
» build order
00:08 Crypt
00:11 Ziggurat
00:25 Altar of Darkness
01:01 Graveyard
01:28 Tomb of Relics
01:56 Ziggurat
02:44 Nerubian Tower
02:44 Nerubian Tower
03:34 Ziggurat
03:38 Ziggurat
05:05 Halls of the Dead
05:06 Halls of the Dead
05:06 Halls of the Dead
05:06 Halls of the Dead
05:56 Ziggurat
07:05 Ziggurat
07:49 Black Citadel
07:50 Black Citadel
07:50 Black Citadel
09:26 Slaughterhouse
11:28 Ziggurat
13:34 Nerubian Tower
19:10 Nerubian Tower
19:28 Nerubian Tower
» items
| Rod of Necromancy | 3 | |
| Scroll of Town Portal | 2 | |
5 total
team 2 (winner)

»
Godeyesareuponu (
blue | 23 APM | 1352 actions | 59:31)
6 Keeper of the Grove
1 Force of Nature
3 Thorns Aura
1 Entangling Roots
1 Tranquility
5 Priestess of the Moon
2 Searing Arrows
3 Trueshot Aura
» actions
| Basic commands | 3 | |
| Build / train | 118 | |
| Enter build submenu | 20 | |
| Enter hero's abilities submenu | 11 | |
| Give item / drop item | 1 | |
| Right click | 810 | |
| Select / deselect | 300 | |
| Use ability | 89 | |
1352 total
» units
| Wisp | 39 | |
| Goblin Zeppelin | 1 | |
| Goblin Shredder | 1 | |
| Hippogryph | 36 | |
| Chimaera | 15 | |
92 total
» upgrades
| Ultravision | 1 | |
| Well Spring | 1 | |
| Corrosive Breath | 1 | |
| Strength of the Wild | 2 | |
| Reinforced Hides | 1 | |
6 total
» buildings
| Hunter's Hall | 2 | |
| Altar of Elders | 1 | |
| Moon Well | 10 | |
| Ancient Protector | 6 | |
| Tree of Ages | 1 | |
| Tree of Eternity | 1 | |
| Ancient of Wind | 1 | |
| Chimaera Roost | 6 | |
| Tree of Life | 5 | |
33 total
» build order
01:08 Hunter's Hall
01:12 Altar of Elders
01:21 Moon Well
02:14 Moon Well
02:48 Ancient Protector
03:14 Ancient Protector
04:24 Tree of Ages
04:53 Ancient Protector
04:54 Ancient Protector
04:55 Ancient Protector
04:58 Ancient Protector
06:53 Tree of Eternity
07:25 Ancient of Wind
09:06 Moon Well
09:06 Moon Well
09:07 Moon Well
09:07 Moon Well
09:07 Moon Well
09:08 Moon Well
10:29 Chimaera Roost
10:31 Chimaera Roost
10:31 Chimaera Roost
10:39 Chimaera Roost
10:40 Chimaera Roost
10:41 Chimaera Roost
11:28 Tree of Life
17:25 Moon Well
17:27 Moon Well
17:35 Hunter's Hall
20:05 Tree of Life
20:45 Tree of Life
24:41 Tree of Life
29:16 Tree of Life
» items
| Boots of Speed | 1 | |
| Lesser Clarity Potion | 1 | |
| Scroll of Town Portal | 1 | |
| Dust of Appearance | 1 | |
4 total

»
Keltius-puff (
yellow | 23 APM | 1364 actions | 59:31)
7 Goblin Tinker
3 Pocket Factory
3 Engineering Upgrade
1 Robo-Goblin
» actions
| Assign group hotkey | 134 | |
| Basic commands | 17 | |
| Build / train | 64 | |
| ESC pressed | 1 | |
| Enter build submenu | 20 | |
| Enter hero's abilities submenu | 7 | |
| Right click | 578 | |
| Select / deselect | 317 | |
| Select group hotkey | 116 | |
| Use ability | 110 | |
1364 total
» units
| Wisp | 17 | |
| Archer | 5 | |
| Huntress | 4 | |
| Dryad | 10 | |
| Druid of the Claw | 7 | |
43 total
» upgrades
| Druid of the Claw Training | 2 | |
| Strength of the Wild | 3 | |
| Abolish Magic | 1 | |
| Reinforced Hides | 2 | |
| Well Spring | 1 | |
| Mark of the Claw | 1 | |
10 total
» buildings
| Ancient of War | 1 | |
| Moon Well | 7 | |
| Altar of Elders | 1 | |
| Tree of Ages | 1 | |
| Hunter's Hall | 1 | |
| Ancient Protector | 2 | |
| Tree of Eternity | 1 | |
| Tree of Life | 1 | |
| Ancient of Lore | 3 | |
| Ancient of Wonders | 1 | |
19 total
» build order
00:50 Ancient of War
00:53 Moon Well
01:02 Moon Well
01:16 Altar of Elders
03:46 Tree of Ages
04:21 Moon Well
04:28 Hunter's Hall
05:23 Moon Well
05:52 Ancient Protector
06:11 Tree of Eternity
06:46 Tree of Life
06:59 Ancient of Lore
07:03 Ancient of Lore
07:06 Ancient of Lore
07:10 Ancient of Wonders
08:21 Ancient Protector
14:55 Moon Well
15:50 Moon Well
17:24 Moon Well
» items
TheDragonsHoard (
orange | 46 APM | 2735 actions | 59:32)
8 Archmage
3 Summon Water Elemental
3 Brilliance Aura
1 Mass Teleport
1 Blizzard
» actions
| Assign group hotkey | 64 | |
| Basic commands | 259 | |
| Build / train | 89 | |
| Enter build submenu | 53 | |
| Enter hero's abilities submenu | 8 | |
| Give item / drop item | 9 | |
| Right click | 902 | |
| Select / deselect | 418 | |
| Select group hotkey | 365 | |
| Use ability | 568 | |
2735 total
» units
| Peasant | 13 | |
| Footman | 4 | |
| Goblin Shredder | 1 | |
| Gryphon Rider | 6 | |
| Goblin Zeppelin | 1 | |
| Green Dragon | 9 | |
| Green Drake | 1 | |
| Goblin Sapper | 4 | |
39 total
» upgrades
| Masonry | 3 | |
| Swords | 3 | |
| Armor | 3 | |
| Animal War Training | 1 | |
| Storm Hammers | 1 | |
| Cloud | 1 | |
12 total
» buildings
| Altar of Kings | 1 | |
| Barracks | 1 | |
| Farm | 12 | |
| Keep | 1 | |
| Arcane Vault | 1 | |
| Lumber Mill | 1 | |
| Town Hall | 3 | |
| Castle | 1 | |
| Gryphon Aviary | 4 | |
| Blacksmith | 2 | |
| Scout Tower | 41 | |
| Guard Tower | 11 | |
79 total
» build order
00:50 Altar of Kings
00:52 Barracks
00:56 Farm
00:57 Farm
01:05 Farm
01:08 Farm
01:41 Farm
03:26 Keep
04:14 Arcane Vault
04:18 Lumber Mill
04:21 Town Hall
06:11 Castle
08:45 Gryphon Aviary
08:45 Gryphon Aviary
08:47 Gryphon Aviary
08:48 Gryphon Aviary
08:53 Blacksmith
08:54 Blacksmith
09:02 Farm
09:14 Scout Tower
09:14 Scout Tower
09:15 Scout Tower
09:17 Scout Tower
09:18 Scout Tower
10:59 Guard Tower
12:27 Farm
12:28 Farm
12:54 Scout Tower
12:54 Scout Tower
12:55 Scout Tower
12:56 Scout Tower
12:56 Scout Tower
12:58 Scout Tower
12:59 Scout Tower
12:59 Scout Tower
14:06 Guard Tower
14:32 Farm
14:32 Farm
14:34 Farm
14:35 Farm
14:45 Guard Tower
19:55 Town Hall
19:57 Scout Tower
19:57 Scout Tower
19:58 Scout Tower
19:58 Scout Tower
20:00 Scout Tower
20:00 Scout Tower
20:01 Scout Tower
20:04 Scout Tower
20:05 Scout Tower
21:05 Guard Tower
21:53 Town Hall
22:09 Scout Tower
22:10 Scout Tower
22:10 Scout Tower
22:11 Scout Tower
22:14 Scout Tower
22:14 Scout Tower
22:15 Scout Tower
22:15 Scout Tower
22:46 Guard Tower
23:03 Guard Tower
23:08 Guard Tower
23:09 Guard Tower
25:14 Scout Tower
25:15 Scout Tower
25:15 Scout Tower
25:16 Scout Tower
25:17 Scout Tower
25:19 Scout Tower
25:20 Scout Tower
25:20 Scout Tower
25:21 Scout Tower
25:21 Scout Tower
26:42 Guard Tower
26:45 Guard Tower
27:57 Guard Tower
» items
| Scroll of Regeneration | 3 | |
| Scroll of Town Portal | 4 | |
| Periapt of Vitality | 1 | |
| Boots of Speed | 1 | |
| Staff of Teleportation | 2 | |
| Potion of Lesser Invulnerability | 1 | |
| Staff of Sanctuary | 1 | |
| Mechanical Critter | 2 | |
| Potion of Invisibility | 1 | |
16 total

»
Celebrieigil (
green | 16 APM | 916 actions | 55:37)
7 Demon Hunter
2 Immolation
3 Evasion
1 Metamorphosis
1 Mana Burn
» actions
| Assign group hotkey | 58 | |
| Build / train | 63 | |
| Enter build submenu | 21 | |
| Enter hero's abilities submenu | 8 | |
| Give item / drop item | 1 | |
| Right click | 224 | |
| Select / deselect | 200 | |
| Select group hotkey | 279 | |
| Use ability | 62 | |
916 total
» units
| Wisp | 22 | |
| Archer | 8 | |
| Huntress | 5 | |
| Hippogryph | 2 | |
| Chimaera | 6 | |
43 total
» upgrades
| Corrosive Breath | 1 | |
| Nature's Blessing | 1 | |
| Strength of the Wild | 1 | |
| Reinforced Hides | 1 | |
4 total
» buildings
| Moon Well | 8 | |
| Altar of Elders | 1 | |
| Ancient of War | 2 | |
| Ancient of Wonders | 1 | |
| Tree of Ages | 1 | |
| Tree of Life | 3 | |
| Hunter's Hall | 1 | |
| Tree of Eternity | 1 | |
| Ancient of Wind | 2 | |
| Chimaera Roost | 3 | |
23 total
» build order
00:22 Moon Well
00:51 Altar of Elders
01:14 Ancient of War
01:27 Moon Well
02:05 Ancient of War
02:31 Moon Well
03:28 Moon Well
04:27 Ancient of Wonders
05:01 Tree of Ages
05:28 Tree of Life
06:04 Hunter's Hall
07:12 Moon Well
07:32 Tree of Eternity
08:17 Moon Well
08:44 Ancient of Wind
08:50 Ancient of Wind
11:09 Tree of Life
11:23 Chimaera Roost
11:40 Chimaera Roost
12:04 Chimaera Roost
13:15 Moon Well
17:53 Moon Well
19:26 Tree of Life
» items
| Moonstone | 1 | |
| Scroll of Town Portal | 4 | |
| Orb of Venom | 1 | |
6 total
Chat log
(00:05 / All) TOW3RSareMyUNIT: wtf
(00:09 / All) TOW3RSareMyUNIT: I get pink every game recently
(00:11 / All) Keltius-puff: glhf
(00:16 / All) TOW3RSareMyUNIT: u2 friend
(00:28 / Allies) Keltius-puff: archers for now
(04:42 / All) pandaroar: free xp
(04:43 / All) pandaroar: thanks
(04:53 / All) pandaroar: lvl 6 yet?
(05:16 / Allies) Keltius-puff: im dry bears prob
(05:18 / Allies) Keltius-puff: damn ud
(07:00 / All) pandaroar: wow nice
(07:43 / Allies) Keltius-puff: they massed
(07:43 / Allies) Keltius-puff: damn
(07:56 / Allies) Keltius-puff: b
(08:04 / All) TheDragonsHoard: I couldn't kill the item
(08:13 / All) TheDragonsHoard: purple probably map hacks
(08:37 / All) TheDragonsHoard: who the fuck cehcks that first lawl
(08:41 / All) TheDragonsHoard: POS purple
(09:39 / Allies) Celebrieigil: blue no ounits wtf
(10:28 / All) TheDragonsHoard: fuck nigga
(10:32 / All) TheDragonsHoard: took my item fuck nigga
(11:06 / Allies) Keltius-puff: ty guys
(11:26 / Allies) Celebrieigil: gold pls
(12:12 / Allies) Keltius-puff: blue more hippos
(12:13 / Allies) Keltius-puff: pls
(13:39 / All) TheDragonsHoard: wtf
(13:46 / All) TheDragonsHoard: my birds went up lawl
(13:49 / All) TheDragonsHoard: I didn't click there
(15:01 / Allies) Keltius-puff: send hipos
(15:01 / Allies) Keltius-puff: come on
(15:28 / Allies) Celebrieigil: b
(15:30 / Allies) Celebrieigil: b
(15:30 / Allies) Celebrieigil: b
(15:30 / Allies) Celebrieigil: b
(15:30 / Allies) Celebrieigil: b
(15:31 / Allies) Celebrieigil: b
(15:31 / Allies) Celebrieigil: b
(15:31 / Allies) Celebrieigil: b
(15:32 / Allies) Celebrieigil: b
(15:32 / Allies) Celebrieigil: b
(15:33 / Allies) Celebrieigil: b
(15:33 / Allies) Celebrieigil: b
(15:34 / Allies) Celebrieigil: b
(18:02 / All) TOW3RSareMyUNIT: red, the guy who took until halfway to t3 to get a hero, is telling my team what to do acting like he's the best we've got
(22:23 / All) TheDragonsHoard: I'll have to buy a new mouse
(22:56 / All) Celebrieigil: yup prp is ahcker
(23:15 / Allies) Celebrieigil: gold pls
(23:24 / Allies) Keltius-puff: oj got
(23:29 / Allies) Celebrieigil: 4k i know
(23:56 / Allies) Celebrieigil: oj u want to win share gold
(24:55 / Allies) Keltius-puff: 200 gold pls?
(26:45 / All) TOW3RSareMyUNIT: looks like you just upped the ante to tanks for yourself
(27:41 / Allies) Celebrieigil: gold pls
(27:58 / Allies) TheDragonsHoard: lumbeR?
(28:05 / Allies) Keltius-puff: for gold
(28:06 / Allies) Keltius-puff: xD
(28:11 / Allies) TheDragonsHoard: wasn't part of the agreement
(28:22 / Allies) Keltius-puff: well u have 6k
(28:23 / Allies) Celebrieigil: u have 7k
(28:30 / Allies) Keltius-puff: could give me like 200
(28:30 / Allies) Keltius-puff: 300
(28:36 / Allies) Celebrieigil: 400 i need
(28:42 / Allies) TheDragonsHoard: It's not in a dragon's nature to share gold
(31:26 / Allies) Celebrieigil: wtf oj
(31:37 / Allies) Celebrieigil: oj ur loser bitch
(31:50 / Allies) Celebrieigil: i tk u next time isee u
(32:05 / Allies) TheDragonsHoard: ssh, no tears
(32:15 / Allies) Celebrieigil: kill my hero wat a loser
(32:24 / Allies) TheDragonsHoard: your hero was an arrogant jerk
(32:26 / Allies) Keltius-puff: killed all my army too
(32:30 / Allies) Celebrieigil: i see why your lvl1
(32:40 / Allies) Celebrieigil: u suck
(32:43 / All) TheDragonsHoard: stop spreading such vicious rumors about me
(32:45 / All) TheDragonsHoard: it isn't nice
(32:48 / All) TheDragonsHoard: and it's against hte law
(32:53 / Allies) Celebrieigil: truth hurt
(32:59 / All) TheDragonsHoard: it's libel and I'll sue you for it
(33:07 / Allies) TheDragonsHoard: anyone have spare lumber?
(33:15 / Allies) Celebrieigil: watever your clearly i litttle faggit
(33:26 / Allies) TheDragonsHoard: stop crying so much
(33:27 / Allies) Celebrieigil: i got 2k none for u loser
(33:38 / Allies) TheDragonsHoard: I only did it because your hero is an arrogant jerk like you
(33:53 / Allies) Celebrieigil: u suck 8k gold
(33:59 / Allies) TheDragonsHoard: 11k
(34:04 / Allies) Keltius-puff: blue kill his mine
(34:16 / Allies) Celebrieigil: we lose cuz u had to have the 1st gold mine like a loser
(35:32 / Allies) Celebrieigil: wat alittle faggit
(35:40 / Allies) TheDragonsHoard: Talk shit get hit where I come from
(35:49 / Allies) TheDragonsHoard: The mean streets of Wall Street
(35:59 / All) TOW3RSareMyUNIT: fight me pussy
(36:01 / All) TOW3RSareMyUNIT: fight me faggot
(36:03 / Allies) Celebrieigil: ur alittle girl hidddin behind a copm all you are
(36:05 / All) TOW3RSareMyUNIT: fight me you little sissy bitch
(36:17 / Allies) TheDragonsHoard: You want to fight in real life?
(36:17 / All) TOW3RSareMyUNIT: what's from, a few rifles and tanks too much for you blue?
(36:23 / Allies) Celebrieigil: love 2
(36:28 / Allies) TheDragonsHoard: You're going to take a dirtnap
(36:34 / Allies) TheDragonsHoard: When I kick you in the face buddy
(36:35 / All) TOW3RSareMyUNIT: fight me sissy boy
(36:37 / Allies) Celebrieigil: all talk
(36:43 / Allies) TheDragonsHoard: Then I'll stomp on your ribcage
(36:44 / Allies) TheDragonsHoard: Yeah
(36:50 / Allies) TheDragonsHoard: Then I'll pluck your eyes out
(36:50 / All) Celebrieigil: oj is a faggit we wont
(36:53 / Allies) TheDragonsHoard: and rip the skin off your face
(37:04 / Allies) Celebrieigil: all talk
(37:06 / Allies) TheDragonsHoard: Whats your address
(37:10 / Allies) TheDragonsHoard: Let's handle this like real men
(37:14 / Allies) Celebrieigil: wats yours
(37:32 / Allies) Celebrieigil: cum on bitch tell me
(37:33 / Allies) TheDragonsHoard: 509 W Chesterton Ave Indianapolis Indiana
(37:44 / Allies) TheDragonsHoard: Ask for Todd Huff
(37:45 / Allies) Celebrieigil: ok il kill u for real
(37:48 / Allies) TheDragonsHoard: Sure
(37:57 / Allies) TheDragonsHoard: You ever show up on my doorstep I will kill you
(38:00 / Allies) TheDragonsHoard: Forewarning
(38:01 / Allies) Celebrieigil: wat afag name
(38:15 / Allies) TheDragonsHoard: bring it bitch
(38:23 / Allies) Celebrieigil: ul die trust me
(38:35 / Allies) Celebrieigil: fag hufff
(38:53 / Allies) TheDragonsHoard: it's todd
(38:59 / Allies) Celebrieigil: fag for u
(39:11 / Allies) TheDragonsHoard: Only people that can beat me up can call me that
(39:15 / Allies) TheDragonsHoard: You're a soft little nerd
(39:17 / Allies) TheDragonsHoard: Bring it pussy
(39:19 / Allies) Celebrieigil: this game should be over loser go end it
(39:20 / All) TOW3RSareMyUNIT: fight me
(39:22 / Allies) TheDragonsHoard: Come get a beatdown
(39:26 / All) TOW3RSareMyUNIT: fight me lil bitch
(39:28 / All) TOW3RSareMyUNIT: fight me fag
(39:30 / Allies) Celebrieigil: fag hufff
(39:36 / Allies) TheDragonsHoard: Show up in my doorstep you end up in a bodybag
(39:48 / Allies) Celebrieigil: np il seee u tommorw
(39:48 / Allies) TheDragonsHoard: Real name is Tony Adriano, changed to Todd Huff
(39:54 / Allies) TheDragonsHoard: I have connections with the Chicago Outfit
(39:57 / Allies) Celebrieigil: like i care
(39:57 / Allies) TheDragonsHoard: Come fuck with me buddy
(41:25 / All) TOW3RSareMyUNIT: you killed me
(41:26 / All) TheDragonsHoard: nice ....
(41:27 / All) TOW3RSareMyUNIT: can't tp it now
(41:27 / All) TheDragonsHoard: lol
(41:33 / All) TheDragonsHoard: I clicked on the fucking chief
(41:53 / All) TheDragonsHoard: blue could have killed it with chims
(42:55 / All) TheDragonsHoard: I need to get mk more often
(43:47 / All) TheDragonsHoard: he got the pot
(44:08 / All) TheDragonsHoard: this army doesn't do what I want it to do lawl
(44:50 / All) TheDragonsHoard: i shoulda sold the tp staff then bought another
(44:50 / All) TOW3RSareMyUNIT: fucking blue is running around all game can't catch him with this army
(44:54 / All) TOW3RSareMyUNIT: and too lazy to make more critters
(45:18 / Allies) TheDragonsHoard: attack
(45:32 / Allies) TheDragonsHoard: CHARGE
(45:44 / Allies) TheDragonsHoard: go
(45:53 / Allies) TheDragonsHoard: go
(45:56 / All) TOW3RSareMyUNIT: god blue sucks ass
(45:57 / Allies) TheDragonsHoard: GO BLUE
(46:30 / All) TheDragonsHoard: he's a pussy
(46:38 / All) TOW3RSareMyUNIT: no kidding
(46:55 / All) TOW3RSareMyUNIT: ahhhhh
(46:57 / All) TOW3RSareMyUNIT: blue is 0 food
(46:59 / Allies) Celebrieigil: and now u fuck blue to lose
(47:03 / All) TOW3RSareMyUNIT: peace on earth
(47:04 / All) TOW3RSareMyUNIT: at last
(47:30 / All) TheDragonsHoard: funny stuff this game
(49:23 / Allies) TheDragonsHoard: green are you all mouth or you put action to your words?
(49:26 / Allies) TheDragonsHoard: come fight me bitch
(49:43 / Allies) Celebrieigil: will see yoy tommorw loser boy
(49:58 / Allies) TheDragonsHoard: Knock 8 times so I'll know it's you
(50:06 / Allies) TheDragonsHoard: and I'll greet you with a knuckle sandwich motherfucker
(50:11 / Allies) Celebrieigil: im not knockin
(50:22 / Allies) TheDragonsHoard: You ain't gonna do shit
(50:29 / Allies) Celebrieigil: ul be dead soon dont cry
(50:34 / Allies) TheDragonsHoard: Yeah sure
(50:42 / Allies) TheDragonsHoard: I'll dig you a shallow grave
(50:44 / Allies) TheDragonsHoard: Piss on it
(51:34 / All) TheDragonsHoard: Just to let everyone know, green is a bitch
(51:36 / All) TheDragonsHoard: won't find me
(51:43 / All) TheDragonsHoard: I told himm my address bitch will punk out
(52:02 / All) TOW3RSareMyUNIT: Green, yellow, blue
(52:08 / All) TOW3RSareMyUNIT: For $20 American dollars, 10 to each of us
(52:09 / All) TheDragonsHoard: You can have this win for 10 American dollars
(52:13 / All) TOW3RSareMyUNIT: you still have a chance at this win
(52:14 / All) TheDragonsHoard: 10 to each of us
(53:21 / All) TheDragonsHoard: We'll give you 2 minutes to confer amongst yourselves
(53:48 / All) TOW3RSareMyUNIT: A WC3 4v4 RT win for 2 payments of 10 American dollars is a fine deal in the year of our Lord 2014
(56:36 / All) TheDragonsHoard: What's it gonna be, bois?